[Event "Titled Tuesday Blitz June 27 Early 2023"]
[White "Arat, Ufuk Sezen"]
[Black "SicilianPanzer"]
[WhiteFideId "6309089"]
[WhiteElo "2551"]
[BlackElo "2256"]
[Result "1-0"]
[Round "5"]
[TimeControl "180+2"]
[Date "2023.06.27"]
[WhiteClock "0:00:30"]
[BlackClock "0:00:03"]
[Board "138"]

1. e4 d6 2. d4 Nf6 3. Nc3 g6 4. f4 Bg7 5. Nf3 O-O 6. e5 Nfd7 7. Bd3 c5 8. dxc5 dxe5 9. fxe5 Nxc5 10. Be3 Nxd3+ 11. cxd3 Nc6 12. d4 Bg4 13. O-O f6 14. Qb3+ Kh8 15. exf6 exf6 16. Rad1 Re8 17. d5 Na5 18. Bf4 Nxb3 19. axb3 Bxf3 20. Rxf3 Qd7 21. d6 Re6 22. Rfd3 Rae8 23. Bg3 f5 24. Nd5 Bxb2 25. Nc7 Be5 26. Nxe8 Rxe8 27. Bxe5+ Rxe5 28. Rc3 Re6 29. Rc7 Qxd6 30. Rxd6 Rxd6 31. Rxb7 Rb6 32. Rxa7 Rxb3 33. h4 Rb4 34. g3 Re4 35. Kh2 Re8 36. Kh3 Rf8 37. h5 Kg8 38. h6 g5 39. Rg7+ Kh8 40. Rxg5 Rf6 41. Rh5 Kg8 42. Kh4 Kf7 43. Kg5 Rg6+ 44. Kf4 Rxg3 45. Kxg3 Ke8 46. Rxf5 Kd7 47. Kg4 Kc8 48. Kg5 1-0


[Site "https://www.chess.com"]

[Event "Titled Tuesday Blitz June 27 Early 2023"]
[White "Coelho, Ramyres Santana"]
[Black "Belov, Alexei"]
[WhiteFideId "2120690"]
[BlackFideId "4128206"]
[WhiteElo "2246"]
[BlackElo "2548"]
[Result "1-0"]
[Round "5"]
[TimeControl "180+2"]
[Date "2023.06.27"]
[WhiteClock "0:00:17"]
[BlackClock "0:00:29"]
[Board "139"]

1. e4 e6 2. d4 d5 3. Nc3 Nf6 4. e5 Ne4 5. f4 Qh4+ 6. g3 Nxg3 7. hxg3 Qxh1 8. Be3 h5 9. Kf2 h4 10. g4 Qh2+ 11. Ke1 Qg3+ 12. Bf2 Qxf4 13. Nh3 Qh2 14. Qf3 Be7 15. Rd1 f6 16. exf6 gxf6 17. Bd3 Nc6 18. Bg6+ Kd8 19. Rd2 Qd6 20. Re2 a6 21. Bh5 Bd7 22. Bxh4 Nxd4 23. Qe3 Nxe2 24. Nxe2 Qe5 25. Qb3 Bb5 26. Nf4 f5 27. Bxe7+ Kxe7 28. Ng6+ Kf6 29. Nxe5 Kxe5 30. Qc3+ Kd6 31. Qg3+ e5 32. gxf5 Rag8 33. Bg6 Be8 34. Qa3+ c5 35. Qb3 b5 36. Qa3 e4 37. Qxa6+ Ke5 38. Qe6# 1-0


[Site "https://www.chess.com"]

[Event "Titled Tuesday Blitz June 27 Early 2023"]
[White "Philippe, Guillaume"]
[Black "Mamedov, Edgar"]
[WhiteFideId "36048763"]
[BlackFideId "13739980"]
[WhiteElo "2236"]
[BlackElo "2547"]
[Result "1-0"]
[Round "5"]
[TimeControl "180+2"]
[Date "2023.06.27"]
[WhiteClock "0:00:16"]
[BlackClock "0:00:00"]
[Board "140"]

1. e4 c5 2. Nf3 Nc6 3. d4 cxd4 4. Nxd4 Nf6 5. Nc3 e6 6. Nxc6 bxc6 7. e5 Nd5 8. Ne4 Bb7 9. c4 Nb4 10. Bd2 c5 11. Bxb4 Bxe4 12. Bc3 Qg5 13. Qd2 Qg6 14. f3 Bc6 15. Bd3 Qh6 16. Qxh6 gxh6 17. Kf2 Bg7 18. h4 O-O 19. h5 f6 20. exf6 Bxf6 21. Bxf6 Rxf6 22. Rad1 Rb8 23. b3 a5 24. Bc2 Rf4 25. Rhe1 a4 26. Re5 axb3 27. axb3 Ra8 28. Rxc5 Ra2 29. Rd2 Rf8 30. Ke3 Rb8 31. Bxh7+ Kxh7 32. Rxa2 Rxb3+ 33. Kf2 Rc3 34. Ra7 Kg8 35. Rc7 Ba4 36. Kg3 Kf8 37. Kf4 Ke7 38. Ra7 Bb3 39. Rcc7 Rxc4+ 40. Rxc4 Bxc4 41. Ke5 Bf1 42. g4 Be2 43. Kf4 Bd3 44. g5 hxg5+ 45. Kxg5 Bf5 46. Kh6 Kf6 47. Rxd7 Bc2 48. Rd4 Bf5 49. Rf4 e5 50. Rxf5+ Kxf5 51. Kg7 e4 52. fxe4+ Kxe4 53. h6 1-0


[Site "https://www.chess.com"]

[Event "Titled Tuesday Blitz June 27 Early 2023"]
[White "Ismagilov, Damir"]
[Black "hsd2016"]
[WhiteFideId "34199982"]
[WhiteElo "2541"]
[BlackElo "2200"]
[Result "0-1"]
[Round "5"]
[TimeControl "180+2"]
[Date "2023.06.27"]
[WhiteClock "0:00:10"]
[BlackClock "0:00:15"]
[Board "141"]

1. d4 d6 2. Nc3 g6 3. Bf4 Bg7 4. Nf3 d5 5. Qd2 Nf6 6. O-O-O a6 7. Bh6 Bxh6 8. Qxh6 b5 9. Ne5 Bf5 10. f3 b4 11. Na4 Nbd7 12. g4 Be6 13. e3 Qb8 14. h4 Nxe5 15. dxe5 Nd7 16. Qf4 c5 17. h5 Rf8 18. b3 Qxe5 19. Qxe5 Nxe5 20. Nxc5 Nxf3 21. Nxa6 Ne5 22. Nc7+ Kd7 23. Nxa8 Rxa8 24. hxg6 hxg6 25. e4 Rxa2 26. g5 Ra1+ 27. Kd2 Rxd1+ 28. Kxd1 dxe4 29. Bg2 Bf5 30. Re1 Bg4+ 31. Kd2 Nf3+ 32. Bxf3 Bxf3 33. Ra1 Ke6 34. Ra6+ Kf5 35. Ra5+ Kf4 36. Rb5 e5 37. Rb7 e3+ 38. Ke1 Bxb7 39. c4 bxc3 40. Kd1 Ke4 41. Kc2 Kd4 42. b4 e2 43. b5 e1=Q 44. b6 Qd2+ 45. Kb3 Qb2+ 46. Ka4 Bc6+ 0-1


[Site "https://www.chess.com"]

[Event "Titled Tuesday Blitz June 27 Early 2023"]
[White "Zheenbekov, Nurgazy"]
[Black "Remizov, Yaroslav"]
[WhiteFideId "13800485"]
[BlackFideId "34134015"]
[WhiteElo "2423"]
[BlackElo "2791"]
[Result "1-0"]
[Round "5"]
[TimeControl "180+2"]
[Date "2023.06.27"]
[WhiteClock "0:00:34"]
[BlackClock "0:00:05"]
[Board "142"]

1. e4 c5 2. Nf3 d6 3. Bb5+ Bd7 4. Bxd7+ Qxd7 5. O-O Nc6 6. Qe2 g6 7. c3 Bg7 8. Rd1 e5 9. d3 Nge7 10. Nbd2 O-O 11. a4 a6 12. Nc4 Qc7 13. a5 d5 14. exd5 Nxd5 15. h4 h5 16. Ng5 b5 17. axb6 Nxb6 18. Be3 Nxc4 19. dxc4 Ne7 20. Qf3 Nf5 21. Rd5 Nxh4 22. Qe4 Nf5 23. Bxc5 Rfd8 24. b4 Ne7 25. Rxd8+ Qxd8 26. Bxe7 Qc8 27. Qd5 Qe8 28. Bd6 Qd8 29. c5 a5 30. Nxf7 Qc8 31. Bxe5 Kh7 32. Ng5+ Kh6 33. Bxg7+ Kxg7 34. f4 Ra7 35. Rxa5 Qb8 36. Rxa7+ Qxa7 37. Qe5+ Kg8 38. Qe6+ Kg7 39. Qf7+ Qxf7 40. Nxf7 Kxf7 41. b5 1-0


[Site "https://www.chess.com"]

[Event "Titled Tuesday Blitz June 27 Early 2023"]
[White "Florescu, Codrut-Constantin"]
[Black "LeoLV10"]
[WhiteFideId "1202200"]
[WhiteElo "2634"]
[BlackElo "2418"]
[Result "1-0"]
[Round "5"]
[TimeControl "180+2"]
[Date "2023.06.27"]
[WhiteClock "0:00:16"]
[BlackClock "0:00:12"]
[Board "143"]

1. e4 c6 2. d4 d5 3. e5 c5 4. Nf3 e6 5. c4 cxd4 6. cxd5 Qxd5 7. Qxd4 Nc6 8. Qxd5 exd5 9. Nc3 Be6 10. Be3 O-O-O 11. O-O-O Nge7 12. Nb5 Nf5 13. Nxa7+ Kb8 14. Nxc6+ bxc6 15. Bg5 Rd7 16. g4 Ne7 17. Rg1 Ng6 18. Nd4 c5 19. Nxe6 fxe6 20. f4 Ra7 21. a3 h6 22. f5 hxg5 23. fxg6 Rxh2 24. Bd3 c4 25. Rgf1 Bc5 26. Bc2 Be3+ 27. Kb1 Bf4 28. Rh1 Rg2 29. Rh8+ Kc7 30. Rf8 Rb7 31. Rf7+ Kc6 32. Rxb7 Kxb7 33. a4 Re2 34. Rh1 Bxe5 35. Rh8 Bf6 36. a5 d4 37. Rf8 Re1+ 38. Ka2 d3 39. Ba4 Be5 40. Bb5 Re2 41. Rf7+ Kc8 42. Bxc4 Rxb2+ 43. Ka3 d2 44. Bxe6+ Kb8 45. Rd7 Rc2 46. a6 Rc3+ 47. Ka4 Rc6 48. a7+ Ka8 49. Bd5 d1=Q+ 50. Kb5 Qd3+ 51. Kxc6 Qa6+ 52. Kc5+ Qb7 53. Rxb7 Bd4+ 54. Kc6 Bxa7 55. Rc7 Bb8 56. Be6 Bxc7 57. Kxc7 Ka7 58. Kd7 Ka8 59. Ke7 Kb8 60. Kf7 Kc7 61. Kxg7 Kd6 62. Kf6 Kc7 63. Kxg5 Kd6 64. Kf6 Kc7 65. g7 Kd8 66. Kf7 1-0


[Site "https://www.chess.com"]

[Event "Titled Tuesday Blitz June 27 Early 2023"]
[White "Tanmay Jain"]
[Black "Poormosavi, Seyed Kian"]
[WhiteFideId "45015481"]
[BlackFideId "12585807"]
[WhiteElo "2418"]
[BlackElo "2585"]
[Result "0-1"]
[Round "5"]
[TimeControl "180+2"]
[Date "2023.06.27"]
[WhiteClock "0:00:00"]
[BlackClock "0:01:11"]
[Board "144"]

1. e4 c6 2. d4 d5 3. Nc3 dxe4 4. Nxe4 Nf6 5. Nxf6+ exf6 6. Be3 Bd6 7. Qd2 O-O 8. O-O-O Be6 9. Kb1 Re8 10. Bd3 Nd7 11. Ne2 b5 12. h4 Nb6 13. f3 Nc4 14. Bxc4 Bxc4 15. Nc1 a5 16. g4 a4 17. h5 b4 18. Bf4 Bd5 19. Rdf1 b3 20. cxb3 axb3 21. a3 Bxa3 22. bxa3 Rxa3 23. Qb2 Qa5 24. Bd6 Ra4 25. Rd1 Bxf3 26. Nxb3 Qd5 27. Rhe1 Rea8 28. Bc5 Bxg4 29. Rd2 Bxh5 30. Re3 Rb8 31. Rc3 Bg6+ 32. Kc1 Rc4 0-1


[Site "https://www.chess.com"]

[Event "Titled Tuesday Blitz June 27 Early 2023"]
[White "Skliarov, Viktor"]
[Black "Mateus, Alejandro"]
[WhiteFideId "14106736"]
[BlackFideId "4402529"]
[WhiteElo "2568"]
[BlackElo "2417"]
[Result "1/2-1/2"]
[Round "5"]
[TimeControl "180+2"]
[Date "2023.06.27"]
[WhiteClock "0:01:14"]
[BlackClock "0:01:18"]
[Board "145"]

1. e4 c5 2. Nf3 d6 3. d4 cxd4 4. Qxd4 Nc6 5. Bb5 Bd7 6. Bxc6 Bxc6 7. Nc3 Nf6 8. Bg5 e6 9. O-O-O Be7 10. Rhe1 O-O 11. Kb1 Qa5 12. Qd2 Rfd8 13. Nd4 Qc7 14. f3 a6 15. g4 b5 16. h4 b4 17. Nce2 a5 18. h5 Rab8 19. Nxc6 Qxc6 20. Nd4 Qe8 21. f4 a4 22. Bxf6 Bxf6 23. g5 Bxd4 24. Qxd4 b3 25. cxb3 axb3 26. axb3 Rxb3 27. h6 e5 28. fxe5 Rdb8 29. exd6 Rxb2+ 30. Qxb2 Rxb2+ 31. Kxb2 Qb5+ 32. Kc2 Qc4+ 33. Kd2 Qd4+ 34. Kc2 Qc4+ 35. Kb2 Qb4+ 36. Ka2 Qa4+ 37. Kb2 Qb4+ 38. Kc2 Qc4+ 1/2-1/2


[Site "https://www.chess.com"]

[Event "Titled Tuesday Blitz June 27 Early 2023"]
[White "Gatterer, Florian"]
[Black "Perez, Maximiliano"]
[WhiteFideId "811688"]
[BlackFideId "117234"]
[WhiteElo "2409"]
[BlackElo "2551"]
[Result "0-1"]
[Round "5"]
[TimeControl "180+2"]
[Date "2023.06.27"]
[WhiteClock "0:00:00"]
[BlackClock "0:01:34"]
[Board "146"]

1. b3 Nf6 2. Bb2 e6 3. c4 d5 4. e3 Be7 5. Nf3 O-O 6. Nc3 c5 7. cxd5 Nxd5 8. a3 Nc6 9. Qc2 b6 10. Nxd5 exd5 11. Bd3 f5 12. h3 Bf6 13. g4 Bxb2 14. Qxb2 fxg4 15. Nh2 gxh3 16. Qc2 Qf6 17. Bxh7+ Kh8 18. O-O Qg5+ 0-1


[Site "https://www.chess.com"]

[Event "Titled Tuesday Blitz June 27 Early 2023"]
[White "Petrova, Irina"]
[Black "Adla, Diego"]
[WhiteFideId "14124122"]
[BlackFideId "100072"]
[WhiteElo "2404"]
[BlackElo "2546"]
[Result "0-1"]
[Round "5"]
[TimeControl "180+2"]
[Date "2023.06.27"]
[WhiteClock "0:00:00"]
[BlackClock "0:01:06"]
[Board "147"]

1. e4 e5 2. Nf3 Nc6 3. Bc4 Nf6 4. d3 Bc5 5. Nc3 O-O 6. Bg5 h6 7. Bh4 Be7 8. Bg3 d6 9. Nd5 Na5 10. Nxf6+ Bxf6 11. Bb5 c6 12. Ba4 b5 13. Bb3 Bg4 14. h3 Bh5 15. Bh2 Nxb3 16. axb3 Be7 17. g4 Bg6 18. Nd2 a5 19. Qf3 f6 20. Nf1 a4 21. bxa4 Rxa4 22. Rxa4 bxa4 23. Ne3 Qb6 24. Nc4 Qb5 25. O-O Bf7 26. b3 axb3 27. cxb3 Qxb3 28. Rc1 d5 29. exd5 cxd5 30. Ne3 Qxd3 31. Rd1 Qe4 32. Qxe4 dxe4 33. Nf5 Re8 34. Nxe7+ Rxe7 35. Kf1 Bc4+ 36. Ke1 Bd3 37. Rc1 Rb7 38. Rc8+ Kh7 39. Rc1 Rb2 40. Bg3 Kg6 41. Kd1 h5 42. Ke1 hxg4 43. hxg4 Kg5 44. Rc7 g6 45. Rh7 Kxg4 46. Rh6 Kf5 47. Rh8 e3 48. fxe3 Re2+ 49. Kd1 Rxe3 50. Bf2 Rf3 51. Bc5 Be4 52. Kd2 Rd3+ 53. Ke2 Rc3 54. Be7 Ke6 55. Bd8 Rc8 56. Bxf6 Rc2+ 0-1


[Site "https://www.chess.com"]

[Event "Titled Tuesday Blitz June 27 Early 2023"]
[White "Molina Carretero, Daniel"]
[Black "Bilan, Danila"]
[WhiteFideId "32071914"]
[BlackFideId "24161918"]
[WhiteElo "2403"]
[BlackElo "2540"]
[Result "1-0"]
[Round "5"]
[TimeControl "180+2"]
[Date "2023.06.27"]
[WhiteClock "0:00:34"]
[BlackClock "0:00:00"]
[Board "148"]

1. c4 c6 2. Nf3 d5 3. b3 Nf6 4. g3 Bf5 5. Bg2 e6 6. O-O h6 7. Bb2 Nbd7 8. a3 a5 9. d3 Be7 10. Nbd2 O-O 11. Ra2 a4 12. b4 b5 13. Qa1 Bh7 14. Rc1 Rc8 15. Ne5 Nxe5 16. Bxe5 Ne8 17. Nf3 Bf6 18. cxb5 cxb5 19. Rac2 Rxc2 20. Rxc2 Nd6 21. Rc6 Ne8 22. Qc3 Bxe5 23. Qxe5 Nf6 24. Nd4 Qa8 25. Qc7 Rb8 26. Nxb5 Bf5 27. Nd6 Bg6 28. Qxb8+ Qxb8 29. Rc8+ Qxc8 30. Nxc8 Nd7 31. b5 Kf8 32. b6 Ke8 33. b7 Kd8 34. Nb6 Nb8 35. Nxa4 Kc7 36. Nc5 Kc6 37. d4 Bc2 38. e3 Kb6 39. Bf1 1-0


[Site "https://www.chess.com"]

[Event "Titled Tuesday Blitz June 27 Early 2023"]
[White "FuenfgegenWilly"]
[Black "Delorme, Axel"]
[BlackFideId "632023"]
[WhiteElo "2390"]
[BlackElo "2534"]
[Result "0-1"]
[Round "5"]
[TimeControl "180+2"]
[Date "2023.06.27"]
[WhiteClock "0:01:39"]
[BlackClock "0:02:20"]
[Board "149"]

1. d4 d5 2. c4 e6 3. Nc3 c5 4. Nf3 cxd4 5. Nxd4 e5 6. Nf3 d4 7. Nd5 Nc6 8. e3 Nf6 9. exd4 e4 10. Nxf6+ Qxf6 11. Ng5 Bb4+ 12. Ke2 Nxd4+ 13. Ke3 Qxg5+ 14. Kxd4 Qd8+ 0-1


[Site "https://www.chess.com"]

[Event "Titled Tuesday Blitz June 27 Early 2023"]
[White "Tikhonov, Viacheslav"]
[Black "Glavina, Pablo"]
[WhiteFideId "44196407"]
[BlackFideId "100234"]
[WhiteElo "2533"]
[BlackElo "2366"]
[Result "0-1"]
[Round "5"]
[TimeControl "180+2"]
[Date "2023.06.27"]
[WhiteClock "0:00:10"]
[BlackClock "0:00:15"]
[Board "150"]

1. e4 e5 2. Nf3 Nc6 3. Bc4 Nf6 4. Ng5 d5 5. exd5 Na5 6. Bb5+ c6 7. dxc6 bxc6 8. Be2 h6 9. Nh3 Bd6 10. d3 O-O 11. Nc3 c5 12. O-O Nc6 13. Bf3 Qc7 14. Nb5 Qd7 15. Nxd6 Qxd6 16. c3 Rb8 17. Qe2 Re8 18. Be3 Ba6 19. Rfd1 Qc7 20. Qc2 Ne7 21. Be4 Ng6 22. Bxg6 fxg6 23. f3 Nd5 24. Bf2 Bc8 25. d4 Bxh3 26. gxh3 cxd4 27. Qxg6 Rf8 28. Qe4 Nf6 29. Qg6 Rxb2 30. cxd4 e4 31. Bg3 Qc2 32. Kf1 Qe2+ 33. Kg1 Qg2# 0-1


[Site "https://www.chess.com"]

[Event "Titled Tuesday Blitz June 27 Early 2023"]
[White "Kuzmin, Roman"]
[Black "Fajdetic, Hrvoje"]
[WhiteFideId "44134932"]
[BlackFideId "14501945"]
[WhiteElo "2527"]
[BlackElo "2355"]
[Result "1-0"]
[Round "5"]
[TimeControl "180+2"]
[Date "2023.06.27"]
[WhiteClock "0:00:21"]
[BlackClock "0:00:00"]
[Board "151"]

1. e4 c5 2. Nf3 a6 3. c4 Nc6 4. d4 cxd4 5. Nxd4 g6 6. Be3 Bg7 7. Nc3 Nf6 8. Nxc6 dxc6 9. Qxd8+ Kxd8 10. O-O-O+ Ke8 11. f3 Be6 12. Na4 b5 13. Nc5 Bxc4 14. Bxc4 bxc4 15. Bd4 h5 16. Kc2 h4 17. Kc3 Rh5 18. Kxc4 Rd8 19. b4 a5 20. bxa5 Ra8 21. a6 Rg5 22. Rd2 Nh5 23. Bxg7 Nxg7 24. Rb1 Rxc5+ 25. Kxc5 Ne6+ 26. Kc4 Kf8 27. Rb6 c5 28. Rdb2 Kg7 29. Rc6 Nd4 30. Rxc5 Ne6 31. Ra5 1-0


[Site "https://www.chess.com"]

[Event "Titled Tuesday Blitz June 27 Early 2023"]
[White "Bruedigam, Martin"]
[Black "arenal72"]
[WhiteFideId "24608033"]
[WhiteElo "2527"]
[BlackElo "2355"]
[Result "1/2-1/2"]
[Round "5"]
[TimeControl "180+2"]
[Date "2023.06.27"]
[WhiteClock "0:00:15"]
[BlackClock "0:00:04"]
[Board "152"]

1. d4 Nf6 2. c4 g6 3. f3 Bg7 4. e4 d6 5. Nc3 O-O 6. Be3 c5 7. d5 e6 8. Qd2 exd5 9. cxd5 a6 10. a4 Qc7 11. Nge2 Nbd7 12. Ng3 h5 13. Bg5 Nh7 14. Bh6 h4 15. Bxg7 Kxg7 16. Nge2 c4 17. Nf4 Ne5 18. Be2 h3 19. g3 Qc5 20. a5 Bd7 21. Na4 Bxa4 22. Rxa4 b5 23. axb6 Rfb8 24. Nxh3 Rxb6 25. Nf2 Rab8 26. Ra2 Rb3 27. O-O Rxf3 28. Kg2 Rf6 29. Rxa6 Qb4 30. Qxb4 Rxb4 31. Nd1 Rxf1 32. Kxf1 Nf6 33. Rxd6 Nxe4 34. Rd8 Rb6 35. Re8 f6 36. g4 Kf7 37. Rc8 g5 38. Ke1 Nd6 39. Rc5 Ke7 40. Ra5 Kd7 41. Kd2 Rb3 42. Ra7+ Kc8 43. Nc3 Rxb2+ 44. Ke3 Rb3 45. Kd4 Rxc3 46. Ra6 Nb5+ 47. Kc5 Rb3 48. Bxc4 Rc3 49. Kxb5 Rxc4 50. Rxf6 Rxg4 51. Rf5 Nd7 52. Kc6 Rc4+ 53. Kd6 Rf4 54. Rxg5 Nb6 55. Kc6 Rf6+ 56. d6 Nd7 57. Rg8+ Nf8 58. h4 Kd8 59. h5 Ke8 60. h6 Rxh6 61. Kc7 Rh7+ 62. Kc8 Kf7 63. Rxf8+ Kxf8 64. d7 Rxd7 65. Kxd7 1/2-1/2


[Site "https://www.chess.com"]

[Event "Titled Tuesday Blitz June 27 Early 2023"]
[White "Romero Ruscalleda, Josep"]
[Black "Yelisieiev, Yevhenii"]
[WhiteFideId "2231859"]
[BlackFideId "14139642"]
[WhiteElo "2350"]
[BlackElo "2523"]
[Result "1-0"]
[Round "5"]
[TimeControl "180+2"]
[Date "2023.06.27"]
[WhiteClock "0:00:06"]
[BlackClock "0:00:00"]
[Board "153"]

1. e4 d6 2. d4 Nf6 3. Nc3 e5 4. Nf3 Nbd7 5. Bc4 Be7 6. O-O O-O 7. h3 c6 8. a4 a5 9. Be3 Nb6 10. Bd3 Nfd7 11. dxe5 dxe5 12. Qe2 Qc7 13. Rfd1 Nc5 14. Bg5 Be6 15. Bxe7 Qxe7 16. Nxe5 Rae8 17. Nf3 Kh8 18. Nd4 Bc8 19. Re1 Nxd3 20. Qxd3 Rd8 21. Nce2 Rfe8 22. Qb3 Nd7 23. Nf5 Qf6 24. Neg3 g6 25. Nh6 Re7 26. Ng4 Qg7 27. e5 h5 28. e6 hxg4 29. exd7 Rexd7 30. hxg4 Rd4 31. f3 Rb4 32. Qe3 Rxb2 33. Ne4 Rxc2 34. Rad1 Rxd1 35. Rxd1 Be6 36. Rd8+ Kh7 37. Ng5+ Kh6 38. Nxe6+ g5 39. Nxg7 Kxg7 40. Qe5+ Kh7 41. Qf5+ Kg7 42. Qxc2 1-0


[Site "https://www.chess.com"]

[Event "Titled Tuesday Blitz June 27 Early 2023"]
[White "tetrix83"]
[Black "Rosenberg, Evan S"]
[BlackFideId "2019299"]
[WhiteElo "2515"]
[BlackElo "2340"]
[Result "1-0"]
[Round "5"]
[TimeControl "180+2"]
[Date "2023.06.27"]
[WhiteClock "0:00:12"]
[BlackClock "0:00:00"]
[Board "154"]

1. e4 c5 2. Nf3 g6 3. c3 d5 4. exd5 Qxd5 5. d4 Bg7 6. Be3 cxd4 7. cxd4 Qa5+ 8. Nc3 Nh6 9. Qd2 Nf5 10. Nb5 Qxd2+ 11. Bxd2 Na6 12. Bc4 O-O 13. O-O Bd7 14. Bc3 Rac8 15. Bd3 Bxb5 16. Bxb5 Nc7 17. Bc4 Rfd8 18. Rfd1 e6 19. Rac1 Nd5 20. Bb3 Nxc3 21. bxc3 Nd6 22. c4 Rc7 23. c5 Nf5 24. d5 exd5 25. Rxd5 Rxd5 26. Bxd5 b6 27. c6 Ne7 28. Be4 f5 29. Bd3 Rxc6 30. Re1 Bf6 31. h4 Kf7 32. Ng5+ Bxg5 33. hxg5 Nd5 34. g3 Rc7 35. Kg2 Re7 36. Rh1 Kg7 37. Rc1 Nb4 38. Bb1 a5 39. a3 Na6 40. Rc6 Rb7 41. Bd3 Nc5 42. Bb5 Ne4 43. f4 h6 44. gxh6+ Kxh6 45. Re6 Nc5 46. Rd6 Kg7 47. Kf3 Kf7 48. Bc4+ Kg7 49. Bb5 Kf7 50. Bc6 Rb8 51. Bd5+ Kg7 52. Rc6 Rd8 53. Bc4 Rd4 54. Bb5 1-0


[Site "https://www.chess.com"]

[Event "Titled Tuesday Blitz June 27 Early 2023"]
[White "Matyukov, Petr"]
[Black "Mayaud, Raphael"]
[WhiteFideId "4103688"]
[BlackFideId "627151"]
[WhiteElo "2505"]
[BlackElo "2332"]
[Result "0-1"]
[Round "5"]
[TimeControl "180+2"]
[Date "2023.06.27"]
[WhiteClock "0:00:42"]
[BlackClock "0:00:27"]
[Board "155"]

1. d4 Nf6 2. c4 c5 3. d5 b5 4. cxb5 a6 5. bxa6 g6 6. Nc3 Bg7 7. e4 O-O 8. Be2 Qa5 9. Bd2 Bxa6 10. Nf3 Bxe2 11. Qxe2 Qa6 12. a4 e6 13. dxe6 Qxe2+ 14. Kxe2 fxe6 15. Ra3 d5 16. exd5 exd5 17. Nb5 Ne4 18. b3 Nc6 19. Rc1 Nxd2 20. Kxd2 Bh6+ 21. Kd1 Bxc1 22. Kxc1 Nb4 23. Kd2 Rfb8 24. Ne5 Rxb5 25. Ra1 Rbb8 26. Rc1 Rc8 27. Nd7 Ra6 28. Re1 c4 29. Re7 c3+ 30. Kc1 d4 31. Nf6+ Kf8 32. Rxh7 Rxf6 33. Rh8+ Ke7 34. Rxc8 Rxf2 35. Rc7+ Kd6 36. Rb7 Rf1# 0-1


[Site "https://www.chess.com"]

[Event "Titled Tuesday Blitz June 27 Early 2023"]
[White "Rodriguez Polo, Mateo"]
[Black "Shuvalov, Evgenij"]
[WhiteFideId "24509396"]
[BlackFideId "4187237"]
[WhiteElo "2316"]
[BlackElo "2492"]
[Result "0-1"]
[Round "5"]
[TimeControl "180+2"]
[Date "2023.06.27"]
[WhiteClock "0:00:01"]
[BlackClock "0:00:20"]
[Board "156"]

1. e4 e6 2. d4 d5 3. exd5 exd5 4. Bd3 c5 5. Nf3 c4 6. Be2 Nf6 7. O-O Be7 8. b3 cxb3 9. axb3 O-O 10. h3 Bf5 11. Re1 Nc6 12. c4 Bb4 13. Bd2 Re8 14. Na3 a6 15. Nc2 Bxc2 16. Qxc2 Ne4 17. cxd5 Nxd2 18. Nxd2 Nxd4 19. Qd3 Qxd5 20. Bf1 Bxd2 21. Rxe8+ Rxe8 22. Rd1 Qxb3 23. Qxd2 Ne6 24. Qd7 Rf8 25. Rc1 g6 26. Bc4 Qb2 27. Rd1 Rd8 28. Qxd8+ Nxd8 29. Rxd8+ Kg7 30. Rd7 Qc1+ 31. Bf1 b5 32. Rd6 a5 33. Ra6 b4 34. g4 b3 35. Kg2 b2 36. Bd3 b1=Q 37. Bxb1 Qxb1 38. Rxa5 Qe4+ 39. Kg1 Qe1+ 0-1


[Site "https://www.chess.com"]

[Event "Titled Tuesday Blitz June 27 Early 2023"]
[White "Devaev, Alexander"]
[Black "Mikhaylova, Irina"]
[WhiteFideId "4169395"]
[BlackFideId "4109040"]
[WhiteElo "2490"]
[BlackElo "2303"]
[Result "1-0"]
[Round "5"]
[TimeControl "180+2"]
[Date "2023.06.27"]
[WhiteClock "0:02:23"]
[BlackClock "0:00:08"]
[Board "157"]

1. d4 Nf6 2. c4 g6 3. Nc3 d5 4. Nf3 Bg7 5. Bg5 dxc4 6. e4 c5 7. d5 b5 8. d6 b4 9. Nb5 O-O 10. e5 Bb7 11. exf6 exf6 12. Be3 a6 13. Nc7 Ra7 14. Bxc4 Nc6 15. O-O Bc8 16. Bxc5 Rb7 17. Bxa6 1-0


[Site "https://www.chess.com"]

[Event "Titled Tuesday Blitz June 27 Early 2023"]
[White "Rodriguez Santiago, Jaime"]
[Black "Baches Garcia, Guillermo"]
[WhiteFideId "3100898"]
[BlackFideId "2209764"]
[WhiteElo "2279"]
[BlackElo "2480"]
[Result "0-1"]
[Round "5"]
[TimeControl "180+2"]
[Date "2023.06.27"]
[WhiteClock "0:00:00"]
[BlackClock "0:00:14"]
[Board "159"]

1. c4 e6 2. Nf3 d5 3. g3 Nf6 4. Bg2 Bd6 5. O-O O-O 6. b3 dxc4 7. bxc4 e5 8. d3 Re8 9. Bb2 c6 10. Nc3 Na6 11. e3 Nc5 12. d4 exd4 13. exd4 Nce4 14. Nxe4 Nxe4 15. Qc2 Nf6 16. Rfe1 Be6 17. Rad1 Bb4 18. Re2 Qa5 19. a3 Bf5 20. Rxe8+ Rxe8 21. Qb3 Bf8 22. h3 b5 23. cxb5 Qxb5 24. Qxb5 cxb5 25. Ne5 a5 26. Bc6 Rb8 27. g4 Be4 28. Bxe4 Nxe4 29. d5 Nd6 30. Nd7 Re8 31. f4 Re2 32. Be5 Nc4 33. Bd4 Bd6 34. Be5 Bxa3 35. d6 Nd2 36. Nb6 Bc5+ 37. Kh1 Nf3 38. f5 Nxe5 39. d7 Nxd7 40. Nxd7 Be3 41. f6 gxf6 42. Nxf6+ Kg7 43. Ne4 b4 44. Ng3 Rd2 45. Nf5+ Kf6 46. Re1 Bc5 47. Ng3 Kg7 48. Ne4 Rc2 49. Ng5 b3 50. h4 b2 0-1


[Site "https://www.chess.com"]

[Event "Titled Tuesday Blitz June 27 Early 2023"]
[White "Sariego Figueredo, Wilfredo"]
[Black "Andreev, Konstantin"]
[WhiteFideId "3500080"]
[BlackFideId "24239305"]
[WhiteElo "2210"]
[BlackElo "2446"]
[Result "1-0"]
[Round "5"]
[TimeControl "180+2"]
[Date "2023.06.27"]
[WhiteClock "0:00:59"]
[BlackClock "0:00:04"]
[Board "160"]

1. d4 Nf6 2. Bf4 d5 3. e3 c5 4. c3 Qb6 5. Qb3 c4 6. Qc2 g6 7. Nd2 Bf5 8. Qc1 Bg7 9. Ngf3 O-O 10. Be2 Nc6 11. h3 Rfe8 12. Ne5 Nd7 13. Nxd7 Bxd7 14. e4 e5 15. dxe5 Nxe5 16. O-O Bc6 17. exd5 Bxd5 18. Bxe5 Bxe5 19. Nxc4 Bh2+ 20. Kxh2 Qc7+ 21. Kg1 Rxe2 22. Ne3 Bc6 23. Re1 Rxe1+ 24. Qxe1 Re8 25. Rd1 f5 26. Qd2 Qf7 27. b3 f4 28. Ng4 Kf8 29. Qd6+ Re7 30. Nh6 Qe6 31. Qxf4+ Kg7 32. Ng4 h5 33. Qh6+ Kf7 34. Qh7+ Ke8 35. Qh8+ Kf7 36. Nh6# 1-0


[Site "https://www.chess.com"]

[Event "Titled Tuesday Blitz June 27 Early 2023"]
[White "Liu, Xiangyi"]
[Black "Quirke, Jeffrey"]
[WhiteFideId "8605718"]
[BlackFideId "2013029"]
[WhiteElo "2731"]
[BlackElo "2228"]
[Result "1-0"]
[Round "5"]
[TimeControl "180+2"]
[Date "2023.06.27"]
[WhiteClock "0:00:25"]
[BlackClock "0:00:00"]
[Board "161"]

1. b3 d5 2. Bb2 Nf6 3. f4 Bf5 4. Nf3 e6 5. e3 Be7 6. h3 h5 7. d3 a6 8. Nbd2 c5 9. Qe2 Nc6 10. e4 Bh7 11. O-O-O dxe4 12. dxe4 Qc7 13. Ne5 Nxe5 14. Bxe5 Qc6 15. Bxf6 gxf6 16. Qxh5 O-O-O 17. Qf3 b5 18. c4 b4 19. Bd3 Kc7 20. Bc2 Rd4 21. Qe3 Rhd8 22. Rhe1 a5 23. Nf3 Rxd1+ 24. Rxd1 Rxd1+ 25. Kxd1 Bd6 26. Kc1 Kb6 27. g4 Be7 28. f5 Qd6 29. e5 fxe5 30. Qxe5 Qxe5 31. Nxe5 Bg5+ 32. Kd1 1-0


[Site "https://www.chess.com"]